 Dungeon Crawl Stone Soup version 0.19-a0-994-g3c636f0 (webtiles) character file.

56030 4thArraOfDagon the Severer (level 14, -16/100 HPs)
             Began as a Hill Orc Enchanter on July 15, 2016.
             Was a High Priest of Yredelemnul.
             Killed from afar by a deep elf annihilator (47 damage)
             ... with a crystal spear
             ... on level 1 of the Elven Halls.
             The game lasted 01:22:30 (15400 turns).

4thArraOfDagon the Severer (Hill Orc Enchanter)    Turns: 15400, Time: 01:22:31

Health: -16/100    AC: 30    Str: 14    XL:     14   Next: 79%
Magic:  9/21       EV: 10    Int: 19    God:    Yredelemnul [*****.]
Gold:   440        SH:  0    Dex: 13    Spells: 1 memorised, 8 levels left

rFire  + + .     SeeInvis +     G - +5 executioner's axe (flame)
rCold  . . .     Gourm    .     r - +1 plate armour "Ecib" {rElec rPois rF+ rN++}
rNeg   + + .     Faith    .     (shield currently unavailable)
rPois  +         Spirit   .     D - +1 helmet {SInv}
rElec  +         Dismiss  .     Z - +1 cloak {rPois}
rCorr  .         Reflect  .     m - +1 pair of gloves
SustAt .         Harm     .     Q - +2 pair of boots
MR     ++...                    J - amulet of rage
Stlth  ..........               t - +4 ring of evasion
                                s - ring of poison resistance

@: very resistant to hostile enchantments, extremely unstealthy
A: slimy green scales 2, clever 1, fire resistance 1, frail 2, low mp 1, magic
resistance 1, strong 1, wild magic 1
a: Recall Undead Slaves, Injury Mirror, Animate Dead, Drain Life, Enslave Soul,
Renounce Religion, Evoke Berserk Rage


You were on level 1 of the Elven Halls.
You worshipped Yredelemnul.
Yredelemnul was extremely pleased with you.
You were not hungry.

You visited 4 branches of the dungeon, and saw 19 of its levels.
You also visited: Labyrinth and Volcano.

You collected 1868 gold pieces.
You spent 1428 gold pieces at shops.

Inventory:

Hand Weapons
 G - a +5 executioner's axe of flaming (weapon)
 K - a +3 war axe of freezing
 P - a +0 blowgun
Armour
 m - a +1 pair of gloves (worn)
 r - the +1 plate armour "Ecib" (worn) {rElec rPois rF+ rN++}
   (You found it in a labyrinth)

   It protects you from fire.
   It insulates you from electricity.
   It protects you from poison.
   It greatly protects you from negative energy.
 D - a +1 helmet of see invisible (worn)
 O - a troll hide
 Q - a +2 pair of boots (worn)
 Z - a +1 cloak of poison resistance (worn)
Magical Staves
 W - an uncursed staff of wizardry {!a}
Jewellery
 s - a ring of poison resistance (left hand)
 t - a +4 ring of evasion (right hand)
 J - an amulet of rage (around neck)
Wands
 l - a wand of disintegration (7/24)
 n - a wand of iceblast (8/15)
 u - a wand of paralysis (12/24)
 y - a wand of confusion (20/48)
 z - a wand of acid (7/15)
 E - a wand of polymorph (13/24)
 N - a wand of lightning (8/15)
 T - a wand of digging (12/24)
 Y - a wand of acid (8/15)
Scrolls
 g - a scroll of brand weapon
 h - 2 scrolls of enchant armour
 p - 3 scrolls of fog
 q - 2 scrolls of fear
 x - 7 scrolls of blinking
 B - 3 scrolls of teleportation
 C - a scroll of noise
 F - 3 scrolls of magic mapping
 I - 3 scrolls of remove curse
 L - a scroll of silence
 X - 2 scrolls of recharging
Potions
 a - a potion of ambrosia {unknown}
 c - 2 potions of agility
 e - a potion of heal wounds
 f - 2 potions of flight
 i - 3 potions of curing
 k - 4 potions of haste
 o - 2 potions of cure mutation
 v - 3 potions of brilliance
 A - 2 potions of might
 R - a potion of resistance {unknown}
 U - a potion of degeneration
 V - 2 potions of lignification
Miscellaneous
 b - a phantom mirror
 j - a disc of storms
 H - a phial of floods
 M - a fan of gales
Comestibles
 d - 7 bread rations
 w - 4 meat rations


   Skills:
 + Level 11.8 Fighting
   Level 1.0 Short Blades
 * Level 19.2 Axes
 + Level 12.5 Armour
 - Level 1.5 Dodging
 - Level 2.4 Stealth
   Level 5.5 Shields
 - Level 1.5 Spellcasting
   Level 3.0 Hexes
 + Level 12.7 Invocations
 - Level 6.0 Evocations


You had 8 spell levels left.
You knew the following spells:

 Your Spells              Type           Power        Failure   Level  Hunger
c - Controlled Blink      Tloc           N/A          100%        8    #######


Dungeon Overview and Level Annotations

Branches:
Dungeon (15/15)            Temple (1/1) D:7            Lair (0/6) D:8
    Orc (2/2) D:9             Elf (1/3) Orc:2        Vaults (0/5) D:14
 Depths: D:15

Altars:
Ashenzari
Dithmenos
Kikubaaqudgha
Makhleb
Nemelex Xobeh
Pakellas
Qazlal
Yredelemnul
The Shining One
Beogh
Jiyva

Shops:
D:4 *   D:8 (   D:12 ?(   D:15 *   Orc:1 *%[([   Orc:2 ?(*[%

Annotations:
D:6 exclusion: downstairs
D:10 exclusion: downstairs
D:11 exclusion: orange crystal statue


Innate Abilities, Weirdness & Mutations

You are mostly covered in slimy green scales. (AC +3)
Your mind is acute. (Int +2)
Your flesh is heat resistant. (rF+)
You are very frail. (-20% HP)
Your magical capacity is low. (-10% MP)
You are resistant to hostile enchantments. (MR+)
Your muscles are strong. (Str +2)
Your spells are a little harder to cast, but a little more powerful.


Message History

The deep elf annihilator blinks!
The deep elf annihilator struggles against the net.
You hear a shout!
Unknown command.
You draw life from your surroundings.
You draw life from the deep elf mage.
You kill the deep elf mage!
Yredelemnul accepts your kill.
The earth elemental disappears in a puff of smoke! x3
You draw life from the deep elf annihilator.
The deep elf annihilator is severely wounded.
You feel life flooding into your body.
You feel somewhat more hungry.
You hear a shout!
Unknown command.
You slash the deep elf annihilator! You burn the deep elf annihilator.
The deep elf annihilator is almost dead.
The deep elf annihilator gestures at you while chanting.
The crystal spear hits you!
You die...
Your body rises from the dead as a mindless zombie.

##.....## #.# #.....#
#.......# #.# #...).+
#.......# #.# #.....##
#....§§.# #.#### ##)..#'#
##...§.## ##...[###'#####.
##'.....)## #.........# ##
##+###[##'####.###.#.#.#.#.#
# .....'#.#.#
##z##.#.#.#.#....
.....####.#
##@#..e..e.ee...' ......#
#.# ##e######...#..'..
......# #.# ### ##.....##.
>.....# #.# ##e.... .....##
#.# .e#... .....# .. ####'##
. ##.## ##.##


You could see a deep elf annihilator (caught) and a friendly flying skull.

Vanquished Creatures
  2 orc warlords (Orc:2)
  A deep elf elementalist (Elf:1)
  A deep elf demonologist (Elf:1)
  A deep elf death mage (Elf:1)
  A minotaur (Lab)
  A centaur warrior (D:15)
  3 dancing weapons (Elf:1)
  A tengu warrior (D:15)
  An orc high priest (Orc:2)
  3 deep elf knights (Elf:1)
  A sun demon (Volcano)
  A sea snake (shapeshifter) (Elf:1)
  3 unseen horrors
  Pikel (D:6)
  2 hill giants
  4 orc knights
  A deep elf archer (Elf:1)
  3 orc sorcerers
  A griffon (D:13)
  4 necromancers (D:14)
  A cyclops (D:12)
  15 deep elf magi (Elf:1)
  2 manticores
  2 toenail golems (Volcano)
  A molten gargoyle (Volcano)
  A kobold demonologist (D:13)
  6 trolls
  A red devil (Volcano)
  A two-headed ogre (D:15)
  6 slime creatures
  A water elemental (Elf:1)
  A redback (Lab)
  An air elemental (Elf:1)
  A centaur simulacrum (D:15)
  3 wyverns
  2 wraiths
  A tarantella (D:13)
  11 humans (D:14)
  A hippogriff (D:11)
  3 wargs (Orc:1)
  4 hungry ghosts
  A mottled dragon (D:11)
  3 hell hounds
  A slave (D:6)
  32 orc warriors
  A phantom (D:6)
  3 black bears
  6 sky beasts
  An eye of draining (shapeshifter) (D:15)
  5 ice beasts
  8 ogres
  3 centaurs
  6 giant frogs
  An earth elemental (Elf:1)
  A wyvern skeleton (D:14)
  Dowan (D:7)
  3 scorpions
  10 killer bees
  13 wights
  3 howler monkeys
  7 crimson imps
  2 lava snakes (Volcano)
  2 giant frog skeletons (D:12)
  6 hounds
  Crazy Yiuf (D:2)
  4 jellies (D:13)
  25 orc wizards
  A giant frog zombie (D:8)
  22 orc priests
  A gnoll shaman (Orc:2)
  5 iguanas
  A human skeleton (D:7)
  Ijyb (D:2)
  8 worker ants
  A killer bee zombie (D:9)
  A sheep (D:14)
  3 hound skeletons
  A worker ant zombie (D:7)
  10 adders
  15 gnolls
  A howler monkey skeleton (D:4)
  A shadow imp (D:7)
  2 worms
  A dart slug (D:2)
  5 giant geckos
  95 orcs
  5 bats
  4 giant cockroaches
  7 goblins
  10 hobgoblins
  12 jackals
  A quokka (D:2)
  A giant gecko skeleton (D:4)
  2 giant gecko zombies (D:5)
  4 giant newts
  9 kobolds
  A quokka skeleton (D:4)
  5 rats
486 creatures vanquished.

Vanquished Creatures (collateral kills)
  A stone giant (Orc:1)
  3 hydras
  A vault guard (D:14)
  A centaur warrior (D:13)
  A tengu warrior (D:15)
  An orc high priest (Orc:2)
  2 hill giants
  A wizard (D:15)
  A necromancer (D:14)
  An orc knight (Orc:2)
  An orc sorcerer (Orc:2)
  2 deep elf magi
  6 cyclopes
  A griffon (D:13)
  A molten gargoyle (Volcano)
  A centaur zombie (D:13)
  2 gargoyles
  A centaur skeleton (D:15)
  2 trolls (Orc:2)
  A tengu conjurer (D:15)
  A two-headed ogre (Orc:2)
  2 slime creatures
  A wyvern (D:12)
  8 humans (D:14)
  A hippogriff (D:14)
  2 hungry ghosts
  3 wargs
  A water moccasin (D:11)
  9 orc warriors
  An ice beast (D:12)
  A sky beast (D:11)
  An ogre (Orc:2)
  7 centaurs (D:14)
  A big kobold (D:11)
  A giant frog (D:14)
  4 wights
  A crimson imp (D:11)
  4 orc priests (Orc:2)
  5 orc wizards
  A worker ant (D:14)
  6 sheep
  2 gnolls (Orc:2)
  25 orcs
  2 kobolds (D:11)
121 creatures vanquished.

Vanquished Creatures (others)
  9 flying skulls
  3 wraiths
  A hill giant zombie (D:14)
  A slave (D:7)
  A manticore zombie (D:14)
  3 cyclops zombies
  A giant frog (D:7)
  A wyvern zombie (D:11)
  A troll zombie (Orc:2)
  A wight (D:13)
  A hippogriff zombie (D:11)
  A two-headed ogre zombie (Orc:2)
  2 killer bee zombies
  3 ogre zombies
  A sky beast zombie (D:15)
  2 mummies
  2 sheep zombies (Orc:2)
  2 gnoll zombies (Orc:2)
  An orc skeleton (Orc:1)
  25 orc zombies
62 creatures vanquished.

Grand Total: 669 creatures vanquished

Notes
Turn   | Place    | Note
-------+----------+-------------------------------------------
     0 | D:1      | 4thArraOfDagon the Hill Orc Enchanter began the quest for the Orb.
     0 | D:1      | Reached XP level 1. HP: 14/14 MP: 3/3
   106 | D:1      | Reached skill level 1 in Fighting
   137 | D:1      | Reached XP level 2. HP: 9/23 MP: 2/4
   149 | D:1      | Reached skill level 1 in Armour
   542 | D:2      | Learned a level 2 spell: Ensorcelled Hibernation
   616 | D:3      | Gained mutation: You are partially covered in slimy green scales. (AC +2) [potion of mutation]
   616 | D:3      | Gained mutation: You are mostly covered in slimy green scales. (AC +3) [potion of mutation]
   617 | D:3      | Gained mutation: Your muscles are strong. (Str +2) [potion of mutation]
   617 | D:3      | Gained mutation: Your flesh is heat resistant. (rF+) [potion of mutation]
   617 | D:3      | Gained mutation: Your magical capacity is low. (-10% MP) [potion of mutation]
   654 | D:3      | Reached XP level 3. HP: 29/29 MP: 2/4
   674 | D:3      | Found an oddly glowing altar of Pakellas.
  1149 | D:3      | Found a glowing drain.
  1210 | D:3      | Reached XP level 4. HP: 23/37 MP: 0/5
  1390 | D:4      | Reached skill level 1 in Axes
  1430 | D:5      | Entered Level 5 of the Dungeon
  1430 | D:5      | Noticed an ice beast
  1568 | D:4      | Found Teozyete's General Store.
  1576 | D:4      | Bought a scroll of blinking for 90 gold pieces
  1666 | D:4      | Reached skill level 2 in Axes
  1739 | D:4      | Reached XP level 5. HP: 45/45 MP: 6/6
  1838 | D:5      | Noticed a centaur
  1897 | D:5      | Killed a centaur
  1897 | D:5      | Reached skill level 4 in Axes
  1900 | D:5      | Reached XP level 6. HP: 17/51 MP: 7/7
  2213 | D:4      | Reached skill level 5 in Axes
  2348 | D:6      | Noticed an ice beast
  2569 | D:6      | Reached skill level 6 in Axes
  2569 | D:6      | Reached XP level 7. HP: 40/57 MP: 8/8
  2675 | D:6      | Reached skill level 7 in Axes
  2740 | D:7      | Reached skill level 5 in Armour
  2756 | D:7      | Gained mutation: You are frail. (-10% HP) [mutagenic meat]
  2762 | D:7      | Gained mutation: Your mind is acute. (Int +2) [mutagenic meat]
  2820 | D:7      | Reached skill level 8 in Axes
  2820 | D:7      | Reached XP level 8. HP: 56/56 MP: 9/9
  3001 | D:7      | Noticed a wraith
  3328 | D:7      | Found a staircase to the Ecumenical Temple.
  3328 | D:7      | Noticed Pikel
  3383 | D:6      | Killed Pikel
  3383 | D:6      | Reached skill level 10 in Axes
  3409 | Temple   | Entered the Ecumenical Temple
  3453 | Temple   | Became a worshipper of Yredelemnul the Dark
  3488 | D:7      | Reached skill level 1 in Invocations
  3973 | D:2      | Found a runed door.
  3977 | D:2      | Noticed Crazy Yiuf
  3980 | D:2      | Killed Crazy Yiuf
  3980 | D:2      | Reached XP level 9. HP: 62/62 MP: 10/10
  4144 | D:2      | Noticed Ijyb
  4153 | D:2      | Killed Ijyb
  5055 | D:6      | Reached skill level 11 in Axes
  5194 | D:6      | Reached * piety under Yredelemnul
  5475 | D:7      | Noticed Dowan
  5521 | D:7      | Killed Dowan
  5555 | D:7      | Reached skill level 12 in Axes
  5995 | D:8      | Found a staircase to the Lair.
  6217 | D:8      | Reached skill level 5 in Invocations
  6245 | D:9      | Found a glowing golden altar of the Shining One.
  6279 | D:10     | Entered Level 10 of the Dungeon
  6295 | D:10     | Reached XP level 10. HP: 64/72 MP: 12/12
  6421 | D:10     | Reached skill level 5 in Fighting
  6645 | D:11     | Reached ** piety under Yredelemnul
  7032 | D:10     | Reached skill level 13 in Axes
  7039 | D:10     | Gained mutation: You are resistant to hostile enchantments. (MR+) [mutagenic meat]
  7042 | D:10     | Gained mutation: Your spells are a little harder to cast, but a little more powerful. [mutagenic meat]
  7045 | D:10     | Gained mutation: You are very frail. (-20% HP) [mutagenic meat]
  7269 | D:9      | Found a staircase to the Orcish Mines.
  7287 | D:9      | Reached skill level 1 in Evocations
  7612 | D:8      | Found Hacudy's Weapon Boutique.
  7740 | D:8      | Got a smelly scale mail
  7756 | D:8      | Identified the +5 scale mail of Kaemue {-Cast rC+ Stlth+} (You took it off an orc warrior on level 8 of the Dungeon)
  8039 | D:9      | Killed an unseen horror
  8485 | D:10     | Noticed a hill giant
  8497 | D:10     | Killed a hill giant
  8497 | D:10     | Reached XP level 11. HP: 48/72 MP: 14/14
  8658 | D:11     | Noticed a six-headed hydra
  8760 | D:11     | Reached *** piety under Yredelemnul
  8762 | D:11     | Noticed a cyclops
  8781 | D:11     | Killed a cyclops
  8782 | D:11     | Received a gift from Yredelemnul (a mummy)
  8817 | D:11     | Noticed an orange crystal statue
  8835 | D:11     | Noticed a five-headed hydra
  9023 | D:11     | Killed a six-headed hydra
  9023 | D:11     | Reached skill level 14 in Axes
  9194 | D:12     | Noticed a cyclops
  9306 | D:13     | Noticed a fire crab
  9306 | D:13     | a troll changed into a fire crab
  9307 | D:13     | a fire crab changed into a tarantella
  9357 | D:12     | Found Tocuh's Magic Scroll Shoppe.
  9370 | D:12     | Received a gift from Yredelemnul (4 flying skulls)
  9374 | D:12     | Bought a scroll of magic mapping for 38 gold pieces
  9374 | D:12     | Bought a scroll of enchant weapon for 82 gold pieces
  9374 | D:12     | Bought 2 scrolls of blinking for 165 gold pieces
  9374 | D:12     | Bought a scroll of identify for 22 gold pieces
  9374 | D:12     | Bought a scroll of identify for 22 gold pieces
  9405 | D:12     | Found Vebbas's Antique Weapon Boutique.
  9499 | D:12     | Reached skill level 5 in Evocations
  9644 | D:12     | Killed a cyclops
  9770 | D:13     | Noticed a hill giant
  9809 | D:13     | Noticed a griffon
  9812 | D:13     | Killed a hill giant
  9816 | D:13     | Killed a griffon
  9820 | D:13     | Received a gift from Yredelemnul (a wight)
  9864 | D:13     | Noticed an eight-headed hydra
 10045 | D:13     | Learned a level 8 spell: Controlled Blink
 10111 | D:13     | Noticed a centaur warrior
 10125 | D:13     | Killed a centaur warrior
 10135 | D:13     | Found a viscous altar of Jiyva.
 10145 | D:13     | Received a gift from Yredelemnul (a mummy)
 10321 | D:14     | Noticed a hill giant
 10331 | D:14     | Killed a hill giant
 10331 | D:14     | Reached skill level 10 in Armour
 10368 | D:14     | Found a labyrinth entrance.
 10369 | D:14     | Noticed a manticore
 10376 | D:14     | Killed a manticore
 10376 | D:14     | Reached XP level 12. HP: 46/80 MP: 16/16
 10388 | Lab      | Entered a labyrinth
 10466 | Lab      | Reached skill level 15 in Axes
 10529 | Lab      | Noticed a minotaur
 10539 | Lab      | Killed a minotaur
 10561 | Lab      | Got a warped plate armour
 10572 | Lab      | Identified the +1 plate armour "Ecib" {rElec rPois rF+ rN++} (You found it in a labyrinth)
 10572 | Lab      | ohh
 10785 | D:14     | Reached skill level 1 in Shields
 10971 | D:14     | Reached **** piety under Yredelemnul
 11109 | D:13     | Killed an eight-headed hydra
 11187 | D:14     | Paralysed by fainting for 12 turns
 11278 | D:14     | Received a gift from Yredelemnul (5 flying skulls)
 11280 | D:14     | Reached skill level 16 in Axes
 11341 | D:14     | Noticed a vault guard
 11353 | D:14     | Killed a vault guard
 11354 | D:14     | Found a gate to the Vaults.
 11358 | D:14     | Reached skill level 5 in Shields
 11500 | D:14     | Reached XP level 13. HP: 62/88 MP: 18/18
 11526 | D:15     | Entered Level 15 of the Dungeon
 11668 | D:15     | Reached skill level 10 in Invocations
 11812 | D:15     | Found Zygum's General Store.
 11833 | D:15     | Bought a scroll of identify for 24 gold pieces
 12148 | D:12     | Reached skill level 17 in Axes
 12289 | Orc:1    | Entered Level 1 of the Orcish Mines
 12310 | Orc:1    | Found Cahac's Antique Armour Boutique.
 12316 | Orc:1    | Found Noptoabb's Antique Weapon Shoppe.
 12357 | Orc:1    | Found Hisih's Armour Shop.
 12396 | Orc:1    | Bought a pair of glowing boots for 139 gold pieces
 12508 | Orc:2    | Entered Level 2 of the Orcish Mines
 12509 | Orc:2    | Found a dark tunnel.
 12535 | Volcano  | Entered a volcano
 12586 | Volcano  | Found a radiant altar of Vehumet.
 12620 | Volcano  | Reached skill level 10 in Fighting
 12903 | Orc:2    | Received a gift from Yredelemnul (a wraith)
 12978 | Orc:1    | Found Syramoul's Food Shoppe.
 12986 | Orc:1    | Found a roughly hewn altar of Beogh.
 13033 | Orc:1    | Found Jaeps's Assorted Antiques.
 13043 | Orc:1    | Bought a scroll of enchant weapon for 232 gold pieces
 13121 | Orc:1    | Noticed a stone giant
 13129 | Orc:1    | Killed a stone giant
 13246 | D:9      | Found a roughly hewn altar of Beogh.
 13287 | Orc:2    | Received a gift from Yredelemnul (a wraith)
 13399 | Orc:2    | Found a roughly hewn altar of Beogh.
 13406 | Orc:2    | Received a gift from Yredelemnul (a wraith)
 13506 | Orc:2    | Found a roughly hewn altar of Beogh.
 13507 | Orc:2    | Found Vopuavam's Food Shop.
 13683 | Orc:2    | Found a roughly hewn altar of Beogh.
 13732 | Orc:2    | Found a roughly hewn altar of Beogh.
 13795 | Orc:2    | Found a roughly hewn altar of Beogh.
 13832 | Orc:2    | Found a roughly hewn altar of Beogh.
 13835 | Orc:2    | Found Lubboll's Magic Scroll Shoppe.
 13844 | Orc:2    | Bought a scroll of magic mapping for 52 gold pieces
 13891 | Orc:2    | Found Odwatoh's Assorted Antiques.
 13899 | Orc:2    | Bought a scroll of magic mapping for 94 gold pieces
 13914 | Orc:2    | Found a staircase to the Elven Halls.
 13968 | Orc:2    | Found a roughly hewn altar of Beogh.
 14038 | Orc:2    | Reached skill level 18 in Axes
 14053 | Orc:2    | Noticed an orc warlord
 14059 | Orc:2    | Reached ***** piety under Yredelemnul
 14059 | Orc:2    | Reached XP level 14. HP: 84/97 MP: 20/20
 14066 | Orc:2    | Killed an orc warlord
 14283 | Orc:2    | Noticed an orc warlord
 14296 | Orc:2    | Killed an orc warlord
 14302 | Orc:2    | Found Vubeylob's Antique Armour Boutique.
 14303 | Orc:2    | Found a roughly hewn altar of Beogh.
 14304 | Orc:2    | Found Vifogor's Antique Weapon Shop.
 14369 | Orc:2    | Bought a scroll of brand weapon for 300 gold pieces
 14369 | Orc:2    | Bought a scroll of identify for 30 gold pieces
 14369 | Orc:2    | Bought a scroll of identify for 30 gold pieces
 14412 | Orc:2    | Bought a potion of might for 108 gold pieces
 14502 | D:8      | bad move
 14617 | Elf:1    | Entered Level 1 of the Elven Halls
 15015 | Elf:1    | Received a gift from Yredelemnul (a flying skull)
 15021 | Elf:1    | Reached skill level 19 in Axes
 15146 | Elf:1    | Noticed a deep elf elementalist
 15273 | Elf:1    | Killed a deep elf elementalist
 15365 | Elf:1    | Noticed a deep elf annihilator
 15365 | Elf:1    | Noticed a deep elf demonologist
 15383 | Elf:1    | Killed a deep elf demonologist
 15400 | Elf:1    | Killed from afar by a deep elf annihilator

Vault maps used:
D:1:      kennysheep_arrival_seaside, serial_forest,
          infiniplex_forest_clump_diagonal, infiniplex_forest_straight_1,
          infiniplex_forest_clump_medium, infiniplex_forest_clump_medium,
          infiniplex_forest_clump_large, infiniplex_forest_pool
D:2:      uniq_iyjb, uniq_crazy_yiuf_cottage
D:3:      grunt_pakellas_sulfur, gup_sewer_entry_bubbles
D:4:      serial_shops, shop_statue
D:5:      first_bread, minmay_fountain_box
D:6:      minmay_misc_feat_roman, uniq_eustachio
D:7:      grunt_livestock, lemuel_mausoleum_altar_kikubaaqudgha, uniq_duvessa,
          uniq_pikel
D:8:      minmay_lair_entry_lava, serial_shops, kennysheep_mini, uniq_maurice
D:9:      lemuel_flame_loot_2, minmay_orc_entry_temple_small,
          minmay_misc_feat_nine_boxes, tso_metal_star
D:10:     boulder_corridor_run
D:11:     minmay_statue_bubble
D:12:     serial_shops, shop, shop_fountains
D:13:     jiyva_altar_1
D:14:     grunt_vaults_entry_tiered, lab_entry_generic
D:15:     grunt_enter_depths_hoard, serial_shops, shop_coins
Temple:   roderic_octagonal_lattice_temple
Orc:1:    serial_shops, shop_fountains, shop, shop, shop, shop, basic_altar
Orc:2:    grunt_orc_community_town_hall, grunt_orc_community_big_house_1,
          grunt_orc_community_big_house_2, grunt_orc_community_house_3,
          grunt_orc_community_house_1, grunt_orc_community_house_2,
          grunt_orc_community_house_3, grunt_orc_community_house_1,
          grunt_orc_community_house_2, nicolae_volcano_entry_lava_flow,
          serial_shops, nicolae_shop_crystal
Elf:1:    hangedman_elf_represent
Lab:      labyrinth_spiral, lab_hedge, nicolae_lab_diamond, nicolae_lab_statue,
          nicolae_lab_quarters, lab_block, nicolae_lab_garden,
          nicolae_lab_starburst
Volcano:  volcano_lake

Skill      XL: |  1  2  3  4  5  6  7  8  9 10 11 12 13 14 |
---------------+-------------------------------------------+-----
Fighting       | 1 2 3 4 6 7 9 10 11 | 11.8
Armour         | 1 2 3 4 5 7 8 9 10 11 12 | 12.5
Axes           | 2 4 6 8 10 12 13 14 16 18 19 | 19.2
Invocations    | 1 5 7 8 9 11 12 | 12.7
Evocations     | 3 6 |  6.0
Shields        | 5 |  5.5
Short Blades   | |  1.0
Dodging        | |  1.5
Stealth        | |  2.4
Spellcasting   | |  1.5
Hexes          | |  3.0

Action                   |  1- 3 |  4- 6 |  7- 9 | 10-12 | 13-15 || total
-------------------------+-------+-------+-------+-------+-------++-------
Melee: Dagger            |   118 |   127 |    52 |       |       ||   297
       Mace              |       |    13 |    13 |       |       ||    26
       Battleaxe         |       |       |   276 |   151 |       ||   427
       War axe           |       |       |       |   536 |   257 ||   793
       Executioner's axe |       |       |       |       |   316 ||   316
Throw: Throwing net      |       |       |     3 |       |     2 ||     5
 Cast: Corona            |    13 |     3 |       |       |       ||    16
       Ensorcelled Hiber |     4 |     1 |       |       |       ||     5
Invok: Animate Remains   |       |       |       |     7 |       ||     7
       Injury Mirror     |       |       |       |     1 |       ||     1
       Animate Dead      |       |       |       |    15 |    17 ||    32
       Recall Undead Sla |       |       |       |     8 |     6 ||    14
       Drain Life        |       |       |       |     4 |    16 ||    20
 Abil: Evoke Berserk Rag |       |       |       |     1 |       ||     1
Evoke: Wand              |       |     4 |    17 |     7 |     4 ||    32
       Phial of floods   |       |       |       |     1 |       ||     1
  Use: Scroll            |     5 |     1 |    18 |     8 |    10 ||    42
       Potion            |     2 |     2 |     3 |     1 |     1 ||     9
 Stab: Sleeping          |     6 |     2 |       |     2 |       ||    10
       Distracted        |       |     1 |       |     3 |     5 ||     9
       Invisible         |       |       |     1 |       |       ||     1
  Eat: Beef jerky        |     2 |       |     1 |     1 |       ||     4
       Pizza             |     1 |       |       |     2 |     2 ||     5
       Chunk             |       |     2 |    14 |    18 |    10 ||    44
       Fruit             |       |       |     2 |     3 |       ||     5
       Meat ration       |       |       |       |     2 |       ||     2
       Bread ration      |       |       |       |     2 |     2 ||     4
       Royal jelly       |       |       |       |     1 |       ||     1
Armor: Robe              |    34 |    25 |       |       |       ||    59
       Scale mail        |       |    17 |   185 |   296 |       ||   498
       Plate armour      |       |       |       |   124 |   334 ||   458
Dodge: Dodged            |    69 |    65 |   168 |   237 |   194 ||   733
Block: Buckler           |    10 |    43 |    11 |    98 |    57 ||   219
